 Dungeon Crawl Stone Soup version 0.27-a0-320-g81d27af2d4 (webtiles) character file.

Game seed: 1600577367290340610

384976 HoaS the Marksgargoyle (level 22, -3/148 HPs)
             Began as a Gargoyle Gladiator on Feb 10, 2021.
             Was the Champion of Okawaru.
             Slain by a juggernaut (56 damage)
             ... on level 1 of the Depths.
             The game lasted 02:11:47 (47430 turns).

HoaS the Marksgargoyle (Gargoyle Gladiator)        Turns: 47430, Time: 02:11:47

Health: -3/148     AC: 63    Str: 23    XL:     22   Next: 97%
Magic:  31/31      EV: 19    Int: 12    God:    Okawaru [******]
Gold:   3894       SH:  5    Dex: 13    Spells: 21/21 levels left

rFire    . . .     SeeInvis +   w - +8 lajatang (venom)
rCold    . . .     Faith    .   (shield currently unavailable)
rNeg     + . .     Spirit   .   T - +11 crystal plate armour
rPois    ∞         Reflect  +   i - +0 helmet {SInv}
rElec    +         Harm     .   H - +1 cloak {Will+}
rCorr    .         Rampage  .   p - +2 pair of gloves {Stlth+}
Will     ++...                  z - +1 pair of boots {run}
Stlth    ..........             o - amulet of reflection
HPRegen  0.34/turn              x - +4 ring of evasion
MPRegen  0.22/turn              O - +4 ring of evasion

@: flying, silenced, quick
A: big wings, negative energy resistance 1, electricity resistance, unbreathing,
petrification resistance, miasma immunity, AC +16
}: 2/15 runes: serpentine, barnacled
a: Stop Flying, Renounce Religion


You were on level 1 of the Depths.
You worshipped Okawaru.
Okawaru was exalted by your worship.
You visited 8 branches of the dungeon, and saw 37 of its levels.
You also visited: Gauntlet and Ice Cave.

You collected 8198 gold pieces.
You spent 4304 gold pieces at shops.

Inventory:

Hand Weapons
 e - the +8 quarterstaff of Cheese {vorpal, Dex+2}
   (You bought it in a shop on level 2 of the Vaults)

   It inflicts extra damage upon your enemies.
   It affects your dexterity (+2).
 q - a +9 longbow of flaming
 w - a +8 lajatang of venom (weapon)
Missiles
 b - 12 throwing nets (quivered)
 t - 1455 arrows
Armour
 i - a +0 helmet of see invisible (worn)
 p - a +2 pair of gloves of stealth (worn)
 z - a +1 pair of boots of running (worn)
 H - a +1 cloak of willpower (worn)
 T - a +11 crystal plate armour (worn)
Jewellery
 f - a ring of positive energy
 l - a ring of resist corrosion
 o - an amulet of reflection (around neck)
 v - a ring of protection from fire
 x - a +4 ring of evasion (left hand)
 y - a ring of ice
 A - a +4 ring of slaying
 O - a +4 ring of evasion (right hand)
Wands
 D - a wand of acid (27)
 E - a wand of digging (15)
 G - a wand of polymorph (6)
Scrolls
 a - 6 scrolls of blinking
 c - 19 scrolls of teleportation
 r - 2 scrolls of holy word
 u - 5 scrolls of fog
 B - 3 scrolls of identify
 I - 3 scrolls of magic mapping
 Q - 6 scrolls of fear
 R - 3 scrolls of silence
Potions
 d - 4 potions of might
 g - 5 potions of haste
 h - 3 potions of cancellation
 j - a potion of resistance
 k - 9 potions of heal wounds
 m - 9 potions of mutation
 n - 17 potions of curing
 s - 5 potions of lignification
 C - 2 potions of ambrosia
 L - a potion of invisibility
 S - 7 potions of attraction
 U - 2 potions of berserk rage


   Skills:
 * Level 18.8 Fighting
 - Level 14.0 Staves
 - Level 20.0 Bows
 - Level 1.7 Throwing
 + Level 16.5 Armour
 + Level 15.6 Dodging
 - Level 13.0 Invocations


You had 21 spell levels left.
You didn't know any spells.
Your spell library contained the following spells:

 Spells                   Type           Power        Failure   Level
 Animate Skeleton         Necr           0%           100%        1
 Apportation              Tloc           0%           100%        1
 Beastly Appendage        Tmut           0%           100%        1
 Corona                   Hex            0%           100%        1
 Magic Dart               Conj           0%           100%        1
 Pain                     Necr           0%           100%        1
 Sandblast                Erth           0%           100%        1
 Shock                    Conj/Air       0%           100%        1
 Sting                    Tmut/Pois      0%           100%        1
 Summon Small Mammal      Summ           0%           100%        1
 Blink                    Tloc           N/A          100%        2
 Call Imp                 Summ           0%           100%        2
 Passwall                 Tmut/Erth      0%           100%        2
 Poisonous Vapours        Pois/Air       0%           100%        2
 Searing Ray              Conj           0%           100%        2
 Slow                     Hex            0%           100%        2
 Swiftness                Air            0%           100%        2
 Wereblood                Tmut           0%           100%        2
 Confusing Touch          Hex            0%           100%        3
 Conjure Flame            Conj/Fire      0%           100%        3
 Dazzling Flash           Conj/Hex       0%           100%        3
 Gell's Gravitas          Tloc           0%           100%        3
 Ignite Poison            Fire/Tmut/Pois 0%           100%        3
 Lesser Beckoning         Tloc           0%           100%        3
 Mephitic Cloud           Conj/Pois/Air  0%           100%        3
 Spider Form              Tmut/Pois      0%           100%        3
 Static Discharge         Conj/Air       0%           100%        3
 Stone Arrow              Conj/Erth      0%           100%        3
 Tukima's Dance           Hex            0%           100%        3
 Vampiric Draining        Necr           0%           100%        3
 Airstrike                Air            0%           100%        4
 Animate Dead             Necr           0%           100%        4
 Fulminant Prism          Conj/Hex       0%           100%        4
 Ice Form                 Ice/Tmut       0%           100%        4
 Iskenderun's Mystic Bla  Conj/Tloc      0%           100%        4
 Olgreb's Toxic Radiance  Pois           0%           100%        4
 Petrify                  Tmut/Erth      0%           100%        4
 Agony                    Necr           0%           100%        5
 Alistair's Intoxication  Tmut/Pois      0%           100%        5
 Blade Hands              Tmut           0%           100%        5
 Lee's Rapid Deconstruct  Erth           0%           100%        5
 Lightning Bolt           Conj/Air       0%           100%        5
 Metabolic Englaciation   Hex/Ice        0%           100%        5
 Yara's Violent Unravell  Hex/Tmut       0%           100%        5
 Freezing Cloud           Conj/Ice/Air   0%           100%        6
 Invisibility             Hex            0%           100%        6
 Simulacrum               Ice/Necr       0%           100%        6
 Haunt                    Necr/Summ      0%           100%        7
 Malign Gateway           Summ/Tloc      0%           100%        7
 Monstrous Menagerie      Summ           0%           100%        7
 Ozocubu's Refrigeration  Ice            0%           100%        7
 Summon Horrible Things   Summ           0%           100%        8


Dungeon Overview and Level Annotations

Branches:
Dungeon (15/15)            Temple (1/1) D:5            Lair (6/6) D:10
 Shoals (4/4) Lair:4        Snake (4/4) Lair:3        Slime (0/5) Lair:6
    Orc (2/2) D:12            Elf (0/3) Orc:2        Vaults (4/5) D:14
  Crypt (0/3) Vaults:2     Depths (1/5) D:15          IceCv (visited)
Gauntlet (visited)

Altars:
Ashenzari
Cheibriados
Dithmenos
Elyvilon
Fedhas
Gozag
Hepliaklqana
Kikubaaqudgha
Makhleb
Nemelex Xobeh
Okawaru
Qazlal
Ru
Sif Muna
Trog
Uskayaw
Vehumet
Wu Jian
Xom
Yredelemnul
Zin
The Shining One

Shops:
D:7 [   D:11 [   Orc:2 *:([*   Shoals:2 *   Snake:2 (?(   Vaults:1 =
Vaults:2 (   Vaults:3 ?   Vaults:4 ?

Portals:
Hell: Depths:1

Annotations:
Depths:1 1 transporter, 1 runed translucent door


Innate Abilities, Weirdness & Mutations

You are resistant to torment.
Your stone body is resilient. (AC +16)
You are immune to poison.
Your large and strong wings let you fly indefinitely.
You resist negative energy. (rN+)
You are resistant to electric shocks. (rElec)
You can survive without breathing.
You are immune to petrification.
You are immune to miasma.


Message History

You slash the juggernaut!
The juggernaut is moderately wounded.
Your crystal plate armour prevents you from hitting the juggernaut.
The juggernaut is moderately wounded.
You hit the juggernaut but do no damage.
The juggernaut is heavily wounded.
The juggernaut hits you!!!
The juggernaut hits you but does no damage.
You are too injured to fight recklessly!
You are too injured to fight recklessly!
You are too injured to fight recklessly!
You are too injured to fight recklessly!
You slash the juggernaut!
The juggernaut is heavily wounded.
You hit the juggernaut.
The juggernaut is heavily wounded.
You completely miss the juggernaut.
The juggernaut is heavily wounded.
The juggernaut closely misses you.
The juggernaut hits you but does no damage.
You hit the juggernaut but do no damage.
The juggernaut looks as sick as possible!
The juggernaut is heavily wounded.
You barely miss the juggernaut.
The juggernaut is heavily wounded.
You slash the juggernaut!
The juggernaut looks as sick as possible!
The juggernaut is heavily wounded.
The juggernaut hits you! The juggernaut hits you.
You slice the juggernaut!!
The juggernaut looks as sick as possible!
The juggernaut is severely wounded.
You slash the juggernaut!
The juggernaut looks as sick as possible!
The juggernaut is severely wounded.
You hit the juggernaut.
The juggernaut looks as sick as possible!
The juggernaut is severely wounded.
The juggernaut hits you!!!
You die...

#..#.# # ey#○ #<.#.# # #### #
#### ##.#.#### ...# .. ...##
#........ ...### .. ...##
#.#...... ...#y#
###...######.#.##### ...#### ..
#.((#y#....#..# # ......##...
###C'###....##.#### ###...##..$
##@..##............
##...©##..$)_+W#.÷©##©.....#..###
......##..)?[###...##......##.###
..#...##...$$ ###++###.....##..##
..##### ... .#y#.....#...##
...#y# .⌠ ..######..#...## ...###
. #..#....# ...# #..#....# ##.#
####...##


You could see a juggernaut (berserk, extremely poisoned), a moth of wrath and a
silent spectre (silencing).

Vanquished Creatures
  Mara (Shoals:3)
  Mennas (Vaults:4)
  Boris (thrice) (Vaults:2 Vaults:3 Depths:1)
  Bai Suzhen (Vaults:4)
  Vashnia (Snake:2)
  Jorgrun (Snake:3)
  A lich (Vaults:3)
  An Ice Fiend (IceCv)
  Polyphemus (Shoals:2)
  5 krakens
  Frances (D:14)
  A sphinx (Vaults:4)
  Gastronok (Lair:3)
  A sphinx (shapeshifter) (Vaults:4)
  Kirke (D:14)
  Ilsuiw (Shoals:2)
  8 nagarajas
  2 deep elf sorcerers (Vaults:4)
  7 vault wardens
  A frost giant (Vaults:4)
  An orc warlord (Orc:2)
  Louise (Shoals:2)
  13 ironheart preservers
  7 very ugly things
  8 stone giants
  2 deep elf demonologists
  A dire elephant (D:15)
  A minotaur (Gauntlet)
  5 entropy weavers
  An ettin (Vaults:4)
  7 merfolk javelineers
  2 deep elf death magi (Vaults:2)
  7 merfolk impalers
  A jiangshi (Vaults:2)
  2 yaktaur captains
  6 fire dragons
  13 vault guards
  4 boulder beetles
  6 ice dragons
  A great orb of eyes (Vaults:3)
  8 hydras
  2 merfolk avatars
  5 catoblepae
  4 rakshasas
  2 death knights
  3 ghost crabs (Lair:4)
  13 naga warriors
  26 anacondas
  6 merfolk aquamancers
  11 centaur warriors
  18 ogre magi
  An alligator snapping turtle (Shoals:1)
  3 tengu warriors
  5 orc high priests (Orc:2)
  A deep troll earth mage (Vaults:4)
  49 two-headed ogres
  3 death yaks
  A vampire mage (Depths:1)
  A spriggan berserker (Depths:1)
  16 naga sharpshooters
  6 shock serpents
  2 deep elf knights
  A soul eater (Vaults:2)
  2 shadow wraiths
  Nergalle (D:10)
  A skeletal warrior (D:13)
  6 fire crabs (Lair:4)
  7 sea snakes
  A fire crab (shapeshifter) (Vaults:1)
  An unseen horror (shapeshifter) (Vaults:1)
  2 unseen horrors
  4 deep trolls (Vaults:4)
  2 flayed ghosts
  2 glowing orange brains
  7 deep elf archers
  2 obsidian statues
  11 naga ritualists
  12 ironbrand convokers
  A tengu zombie (Vaults:3)
  2 lindwurms (Lair:6)
  Pikel (D:5)
  2 wizards
  A shadow dragon zombie (Vaults:3)
  16 harpies
  6 deep elf pyromancers
  A necromancer (Vaults:3)
  19 orc knights
  3 deep elf zephyrmancers
  A salamander (shapeshifter) (D:8)
  6 oklob plants
  14 manticores
  15 mana vipers
  6 orc sorcerers
  8 wolf spiders
  17 slime creatures
  7 fauns (Shoals:2)
  A shining eye (shapeshifter) (Vaults:4)
  44 ugly things
  7 cyclopes
  4 salamanders
  10 merfolk sirens
  A centaur zombie (D:11)
  11 elephants (Lair:6)
  11 vault sentinels
  An apocalypse crab (Lair:4)
  Joseph (D:8)
  6 water nymphs
  23 naga magi
  A torpor snail (Lair:5)
  13 guardian serpents
  50 black mambas
  8 cane toads
  2 ice statues (IceCv)
  6 komodo dragons
  4 gargoyles
  5 rime drakes
  3 kobold demonologists
  2 freezing wraiths
  22 yaktaurs
  2 anaconda simulacra (IceCv)
  A golden dragon simulacrum (IceCv)
  9 ice devils (IceCv)
  3 wind drakes
  10 trolls
  A queen bee (Gauntlet)
  A troll (shapeshifter) (Vaults:3)
  30 merfolk
  3 meliai
  A queen bee (shapeshifter) (Vaults:1)
  16 polar bears
  2 hornets
  21 blink frogs
  6 snapping turtles
  6 dream sheep (Lair:6)
  A raiju (Lair:6)
  Sigmund (D:3)
  2 centaur simulacra (D:15)
  A flying skull (Vaults:2)
  2 dire elephant simulacra (IceCv)
  5 redbacks
  A shadow (D:11)
  2 wraiths (D:13)
  3 wyverns
  A tarantella (Vaults:4)
  6 hogs
  7 humans (D:14)
  6 water elementals
  A hog (shapeshifter) (Vaults:3)
  43 yaks
  A human simulacrum (Vaults:3)
  Grum (D:8)
  3 basilisks
  A golden eye (shapeshifter) (Vaults:4)
  3 steam dragons
  Edmund (D:5)
  Menkaure (D:7)
  10 wargs
  47 nagas
  3 harpy simulacra (IceCv)
  17 water moccasins
  8 soldier ants
  3 acid dragons
  2 hydra simulacra (IceCv)
  16 hell hounds (Lair:6)
  A floating eye (shapeshifter) (Vaults:3)
  2 sky beasts (D:7)
  An eye of draining (shapeshifter) (Vaults:1)
  2 hornet zombies
  An eye of draining (D:12)
  A meliai simulacrum (D:15)
  42 orc warriors
  12 black bears
  9 ice beasts
  48 ogres
  44 wolves
  4 lemures (D:5)
  13 centaurs
  A phantom (D:4)
  2 kobold brigands (D:15)
  13 bullfrogs
  2 wyvern zombies
  A human skeleton (Vaults:3)
  2 wyvern skeletons
  5 scorpions
  2 water moccasin zombies
  16 killer bees
  6 howler monkeys
  3 wights (D:10)
  8 electric eels
  A bullfrog zombie (D:13)
  A lava snake (Lair:4)
  5 jellies
  16 orc priests
  4 centaur skeletons
  7 hounds
  5 iguanas
  23 orc wizards
  14 worker ants
  A bullfrog simulacrum (D:10)
  A hound skeleton (D:8)
  A killer bee simulacrum (D:10)
  A worker ant zombie (D:6)
  4 gnolls (D:8)
  20 adders
  A shadow imp (D:10)
  11 white imps
  5 ufetubi
  2 oozes
  An adder skeleton (D:4)
  A worm (D:3)
  2 dart slugs (D:2)
  7 leopard geckos
  91 orcs
  6 ball pythons
  10 bats
  3 giant cockroaches
  5 goblins
  11 hobgoblins
  3 jackals (D:1)
  2 quokkas
  A frilled lizard (D:5)
  10 kobolds
  A leopard gecko skeleton (D:6)
  A quokka skeleton (D:5)
  A quokka zombie (D:5)
  5 rats
  23 tentacles
1598 creatures vanquished.

Vanquished Creatures (others)
  A black mamba (Snake:4)
  A human (D:14)
  3 orcs
  4 demonic plants (Gauntlet)
  63 fungi
  81 plants
  174 tentacles
327 creatures vanquished.

Grand Total: 1925 creatures vanquished

Notes
Turn   | Place    | Note
-------+----------+-------------------------------------------
     0 | D:1      | HoaS the Gargoyle Gladiator began the quest for the Orb.
     0 | D:1      | Reached XP level 1. HP: 12/12 MP: 1/1
   241 | D:1      | Reached XP level 2. HP: 17/17 MP: 2/2
   533 | D:1      | Reached XP level 3. HP: 18/21 MP: 3/3
   699 | D:2      | Found a hide-covered altar of Uskayaw.
   702 | D:2      | Noticed a +0 hand axe
   702 | D:2      | Noticed a +0 hand axe
  1129 | D:2      | Reached XP level 4. HP: 26/26 MP: 4/4
  1156 | D:2      | Reached skill level 5 in Staves
  1580 | D:3      | Noticed Sigmund
  1593 | D:3      | Killed Sigmund
  1594 | D:3      | Reached XP level 5. HP: 6/30 MP: 5/5
  1594 | D:3      | Reached XP level 6. HP: 8/35 MP: 6/6
  1845 | D:3      | You fall into a shaft and drop 2 floors!
  1845 | D:5      | Entered Level 5 of the Dungeon
  1914 | D:5      | Found a bloodstained altar of Trog.
  2884 | D:4      | Reached XP level 7. HP: 33/40 MP: 7/7
  3162 | D:4      | Found a shimmering altar of Xom.
  3387 | D:5      | Found a sacrificial altar of Ru.
  3495 | D:5      | Noticed Edmund
  3519 | D:5      | Killed Edmund
  3795 | D:5      | Noticed Pikel
  3803 | D:5      | Killed Pikel
  3804 | D:5      | Reached skill level 10 in Staves
  3804 | D:5      | Reached XP level 8. HP: 44/44 MP: 8/8
  3856 | D:5      | Found a staircase to the Ecumenical Temple.
  3889 | Temple   | Entered the Ecumenical Temple
  4022 | Temple   | Became a worshipper of Warmaster Okawaru
  4111 | D:5      | Found a hazy altar of Hepliaklqana.
  4265 | D:6      | Reached skill level 1 in Invocations
  4542 | D:6      | Found a shimmering blue altar of Sif Muna.
  4600 | D:6      | Reached XP level 9. HP: 48/48 MP: 10/10
  4608 | D:6      | Found a snail-covered altar of Cheibriados.
  4809 | D:7      | Reached skill level 1 in Bows
  4820 | D:7      | Noticed a hornet
  4828 | D:7      | Killed a hornet
  4828 | D:7      | Reached * piety under Okawaru
  4837 | D:7      | Reached skill level 2 in Bows
  4852 | D:7      | Noticed Menkaure
  4868 | D:7      | Killed Menkaure
  5206 | D:7      | Found Haumatwo's Antique Armour Shop.
  5221 | D:7      | Found a white marble altar of Elyvilon.
  5346 | D:7      | Noticed a purple ugly thing
  5361 | D:7      | Killed a purple ugly thing
  5693 | D:8      | Found an ornate altar of the Wu Jian Council.
  5699 | D:8      | Found a transporter.
  5710 | D:8      | Found a transporter.
  5836 | D:8      | Noticed Grum
  5857 | D:8      | Reached ** piety under Okawaru
  5867 | D:8      | Killed Grum
  5871 | D:8      | Reached XP level 10. HP: 18/53 MP: 9/11
  6141 | D:8      | Found a basalt altar of Yredelemnul.
  6227 | D:8      | Noticed Joseph
  6237 | D:8      | Killed Joseph
  6346 | D:8      | Found an ancient bone altar of Kikubaaqudgha.
  6581 | D:8      | Noticed a salamander
  6630 | D:9      | Found an opulent altar of Gozag.
  6664 | D:9      | Found the +9 staff of Olgreb {rPois∞}
  6694 | D:9      | Found a runed translucent gate.
  6695 | D:9      | Found a runed translucent gate.
  6704 | D:9      | Found a runed translucent door.
  6722 | D:9      | Noticed an obsidian statue
  6782 | D:9      | Found an opulent altar of Gozag.
  6798 | D:9      | Found a runed translucent gate.
  6827 | D:9      | Found a stormy altar of Qazlal.
  6847 | D:9      | Found a runed translucent door.
  6960 | D:9      | Found a glowing golden altar of the Shining One.
  7152 | D:9      | Noticed a two-headed ogre
  7158 | D:9      | Killed a two-headed ogre
  7158 | D:9      | Reached *** piety under Okawaru
  7159 | D:9      | Reached skill level 1 in Armour
  7621 | D:9      | Reached skill level 5 in Fighting
  7633 | D:9      | Reached **** piety under Okawaru
  7726 | D:9      | Killed an obsidian statue
  7727 | D:9      | Reached XP level 11. HP: 64/64 MP: 12/14
  7765 | D:10     | Entered Level 10 of the Dungeon
  7784 | D:10     | Noticed Nergalle
  8415 | D:10     | Killed Nergalle
  8536 | D:10     | Received a gift from Okawaru
  8922 | D:10     | Found a staircase to the Lair.
  8928 | D:10     | Noticed an oklob plant
  8947 | D:10     | Killed an oklob plant
  9177 | D:10     | Reached skill level 5 in Invocations
  9204 | D:10     | Received a gift from Okawaru
  9365 | Lair:1   | Entered Level 1 of the Lair of Beasts
  9447 | Lair:1   | Reached skill level 5 in Armour
  9530 | Lair:1   | Reached ***** piety under Okawaru
  9537 | Lair:1   | Received a gift from Okawaru
 10018 | Lair:1   | Reached skill level 5 in Dodging
 10204 | Lair:1   | Reached XP level 12. HP: 75/75 MP: 16/16
 10626 | Lair:2   | Received a gift from Okawaru
 10697 | Lair:2   | Received a gift from Okawaru
 11442 | Lair:3   | Noticed Gastronok
 11552 | Lair:2   | Received a gift from Okawaru
 11583 | Lair:3   | Killed Gastronok
 11584 | Lair:3   | Reached skill level 10 in Fighting
 11592 | Lair:3   | Noticed a six-headed hydra
 11615 | Lair:2   | Killed a six-headed hydra
 12218 | Lair:3   | Noticed a six-headed hydra
 12227 | Lair:3   | Killed a six-headed hydra
 12381 | Lair:3   | Noticed a boulder beetle
 12395 | Lair:3   | Killed a boulder beetle
 12396 | Lair:3   | Reached XP level 13. HP: 66/84 MP: 17/19
 12612 | Lair:3   | Received a gift from Okawaru
 12775 | Lair:3   | Found a staircase to the Snake Pit.
 13757 | Lair:4   | Found a runed translucent door.
 13957 | Lair:4   | Found a staircase to the Shoals.
 14456 | Lair:4   | Noticed an entropy weaver
 14473 | Lair:4   | Killed an entropy weaver
 14550 | Lair:4   | Reached ****** piety under Okawaru
 14661 | Lair:4   | Noticed an entropy weaver
 14669 | Lair:4   | Killed an entropy weaver
 14669 | Lair:4   | Received a gift from Okawaru
 14837 | Lair:4   | Noticed an entropy weaver
 14851 | Lair:4   | Killed an entropy weaver
 15215 | Lair:4   | Paralysed by you for 6 turns
 15226 | Lair:4   | Got a transparent amethyst amulet
 15764 | Lair:5   | Gained mutation: Your large and strong wings let you fly
                  | indefinitely. [Gargoyle growth]
 15764 | Lair:5   | Reached XP level 14. HP: 94/94 MP: 21/21
 15813 | Lair:5   | Received a gift from Okawaru
 16248 | Lair:6   | Entered Level 6 of the Lair of Beasts
 16372 | Lair:6   | Identified a scroll of acquirement
 16372 | Lair:6   | Acquired 763 gold pieces
 16521 | Lair:6   | Reached skill level 10 in Armour
 16650 | Lair:6   | Received a gift from Okawaru
 17268 | Lair:6   | Found a staircase to the Slime Pits.
 17520 | Lair:6   | Received a gift from Okawaru
 18073 | Lair:6   | Identified the amulet "Kanaumic" {Faith rElec rC++} (You
                  | found it on level 4 of the Lair of Beasts)
 18240 | D:11     | Reached XP level 15. HP: 83/100 MP: 22/22
 18252 | D:11     | Found Kammo's Antique Armour Shoppe.
 18633 | Lair:3   | Reached skill level 10 in Dodging
 19573 | D:11     | Found a shadowy altar of Dithmenos.
 19576 | D:11     | Found a blossoming altar of Fedhas.
 19576 | D:11     | Found a shimmering altar of Xom.
 19578 | D:11     | Found a radiant altar of Vehumet.
 19578 | D:11     | Found a hide-covered altar of Uskayaw.
 19578 | D:11     | Found a shimmering altar of Xom.
 19954 | D:12     | Found a staircase to the Orcish Mines.
 20025 | D:12     | Found a gate leading to a gauntlet.
 20039 | Gauntlet | Entered a Gauntlet
 20039 | Gauntlet | Found a transporter.
 20039 | Gauntlet | Found a transporter.
 20046 | Gauntlet | Found a transporter.
 20062 | Gauntlet | Found a runed translucent door.
 20065 | Gauntlet | Found a transporter.
 20083 | Gauntlet | Found a transporter.
 20083 | Gauntlet | Found a transporter.
 20083 | Gauntlet | Found a transporter.
 20086 | Gauntlet | Found a transporter.
 20086 | Gauntlet | Found a transporter.
 20098 | Gauntlet | Found a transporter.
 20119 | Gauntlet | Found a transporter.
 20129 | Gauntlet | Found a transporter.
 20146 | Gauntlet | Found a transporter.
 20167 | Gauntlet | Found a transporter.
 20360 | Gauntlet | Got a fine lapis lazuli ring
 20388 | Gauntlet | Identified the amulet of the Hidden Coins {rPois rF+ Regen+
                  | Dex-2 Slay+3}
 20488 | D:12     | Received a gift from Okawaru
 20507 | D:12     | Identified the ring "Wuts" {rPois Str+6} (You found it in a
                  | Gauntlet)
 20636 | D:12     | Found a shimmering altar of Xom.
 20985 | Orc:1    | Entered Level 1 of the Orcish Mines
 21191 | Orc:1    | Paralysed by an orc sorcerer for 6 turns
 21572 | Orc:2    | Entered Level 2 of the Orcish Mines
 21584 | Orc:2    | Found Seodof's Antique Armour Shop.
 21736 | Orc:2    | Received a gift from Okawaru
 21749 | Orc:2    | Noticed an orc warlord
 21783 | Orc:2    | Killed an orc warlord
 22253 | Orc:2    | Found Mohum's Antique Weapon Shoppe.
 22355 | Orc:2    | Found Xug Xoh's General Store.
 22369 | Orc:2    | Bought a scroll of acquirement for 780 gold pieces
 22369 | Orc:2    | Acquired 479 gold pieces
 22490 | Orc:2    | Found a staircase to the Elven Halls.
 22600 | Orc:2    | Found Zaeneohi's Book Shoppe.
 22696 | Orc:2    | Found Plog's General Store.
 23031 | D:13     | Reached XP level 16. HP: 84/106 MP: 23/23
 23250 | D:13     | Received a gift from Okawaru
 23420 | D:14     | Noticed Frances
 23438 | D:14     | Killed Frances
 23509 | D:14     | Found a gate to the Vaults.
 24305 | D:15     | Entered Level 15 of the Dungeon
 24464 | D:15     | Received a gift from Okawaru
 24609 | D:15     | Found a sacrificial altar of Ru.
 24673 | D:15     | Noticed Kirke
 24675 | D:15     | Noticed a sphinx
 24868 | D:14     | Killed Kirke
 25312 | D:15     | Found a staircase to the Depths.
 25333 | D:15     | Reached skill level 3 in Bows
 25791 | Snake:1  | Entered Level 1 of the Snake Pit
 25791 | Snake:1  | Found a shimmering blue altar of Sif Muna.
 25812 | Snake:1  | Reached skill level 4 in Bows
 25834 | Snake:1  | Received a gift from Okawaru
 25927 | Snake:1  | Reached skill level 5 in Bows
 26177 | Snake:1  | Reached skill level 6 in Bows
 26189 | Snake:1  | Received a gift from Okawaru
 26190 | Snake:1  | Reached XP level 17. HP: 94/111 MP: 16/24
 26385 | Snake:1  | Reached skill level 7 in Bows
 26493 | Snake:1  | Received a gift from Okawaru
 26509 | Snake:1  | Reached skill level 8 in Bows
 27060 | Snake:1  | Reached skill level 9 in Bows
 27731 | Snake:2  | Reached skill level 10 in Bows
 27858 | Snake:2  | Received a gift from Okawaru
 28098 | Snake:2  | Reached skill level 11 in Bows
 28133 | Snake:2  | Noticed Vashnia
 28330 | Snake:2  | Found Imaudad's Weapon Shoppe.
 28348 | Snake:2  | Found Ridghet's Magic Scroll Emporium.
 28358 | Snake:2  | Bought a scroll of identify for 20 gold pieces
 28358 | Snake:2  | Bought 2 scrolls of identify for 40 gold pieces
 28358 | Snake:2  | Bought 2 scrolls of identify for 40 gold pieces
 28358 | Snake:2  | Bought a scroll of identify for 20 gold pieces
 28358 | Snake:2  | Bought a scroll of blinking for 75 gold pieces
 28358 | Snake:2  | Bought a scroll of identify for 20 gold pieces
 28358 | Snake:2  | Bought a scroll of enchant weapon for 75 gold pieces
 28358 | Snake:2  | Bought a scroll of enchant weapon for 75 gold pieces
 28578 | Snake:2  | Killed Vashnia
 28578 | Snake:2  | Received a gift from Okawaru
 28871 | Snake:2  | Found Vackik's Antique Weapon Shoppe.
 28885 | Snake:2  | Reached skill level 12 in Bows
 29321 | Snake:3  | Noticed Jorgrun
 29337 | Snake:3  | Killed Jorgrun
 29726 | Snake:3  | Reached XP level 18. HP: 72/116 MP: 18/25
 29734 | Snake:3  | Reached skill level 13 in Bows
 30343 | Snake:4  | Entered Level 4 of the Snake Pit
 30582 | Snake:4  | Reached skill level 14 in Bows
 30591 | Snake:4  | Received a gift from Okawaru
 30681 | Snake:4  | Received a gift from Okawaru
 30823 | Snake:4  | Acquired 1260 gold pieces
 30825 | Snake:4  | Acquired 807 gold pieces
 30827 | Snake:4  | Acquired 701 gold pieces
 30923 | Snake:4  | Received a gift from Okawaru
 31010 | Snake:4  | Got a pair of shimmering boots
 31011 | Snake:4  | Identified the +0 pair of boots of Damium {Int+4} (You
                  | found it on level 4 of the Snake Pit)
 31174 | Snake:4  | Reached skill level 15 in Bows
 31268 | Snake:4  | Received a gift from Okawaru
 31293 | Snake:4  | Identified a +1 pair of boots of running (Okawaru gifted it
                  | to you on level 4 of the Snake Pit)
 31694 | Snake:4  | Reached skill level 16 in Bows
 31921 | Snake:4  | Got a serpentine rune of Zot
 32202 | Shoals:1 | Entered Level 1 of the Shoals
 32441 | Shoals:1 | You are sucked into a shaft and drop 1 floor!
 32442 | Shoals:2 | Noticed Louise
 32443 | Shoals:2 | Found Neawney's Mayhem Merchandise.
 32530 | Shoals:1 | Reached XP level 19. HP: 121/121 MP: 26/26
 32960 | Shoals:1 | Reached skill level 17 in Bows
 33342 | Shoals:2 | Received a gift from Okawaru
 33487 | Shoals:2 | Noticed Polyphemus
 33512 | Shoals:2 | Killed Polyphemus
 33512 | Shoals:2 | Received a gift from Okawaru
 33600 | Shoals:2 | Noticed Ilsuiw
 33674 | Shoals:2 | Killed Ilsuiw
 33681 | Shoals:2 | Received a gift from Okawaru
 33822 | Shoals:2 | Killed Louise
 33983 | Shoals:2 | Received a gift from Okawaru
 34467 | Shoals:3 | Found a frozen archway.
 34476 | IceCv    | Entered an ice cave
 34638 | IceCv    | Acquired a +1 cloak of willpower
 34684 | IceCv    | Reached skill level 18 in Bows
 34847 | IceCv    | Noticed an Ice Fiend
 34859 | IceCv    | Killed an Ice Fiend
 35585 | Shoals:3 | Noticed Mara
 35609 | Shoals:3 | Noticed HoaS's illusion
 35625 | Shoals:3 | Killed Mara
 35931 | Shoals:4 | Entered Level 4 of the Shoals
 36955 | Shoals:4 | Received a gift from Okawaru
 36956 | Shoals:4 | Reached skill level 19 in Bows
 37107 | Shoals:4 | Received a gift from Okawaru
 37439 | Shoals:4 | Reached XP level 20. HP: 127/127 MP: 27/27
 37569 | Shoals:4 | Received a gift from Okawaru
 38004 | Shoals:4 | Received a gift from Okawaru
 38078 | Shoals:4 | Got a barnacled rune of Zot
 38396 | Vaults:1 | Entered Level 1 of the Vaults
 38642 | Vaults:1 | Reached skill level 20 in Bows
 38824 | Vaults:1 | You are sucked into a shaft and drop 1 floor!
 38938 | Vaults:2 | Received a gift from Okawaru
 38950 | Vaults:2 | Received a gift from Okawaru
 39272 | Vaults:2 | Noticed a Brimstone Fiend
 39286 | Vaults:2 | Reached skill level 10 in Invocations
 39306 | Vaults:2 | Found a staircase to the Crypt.
 39548 | Vaults:2 | Noticed Boris
 39561 | Vaults:2 | Killed Boris
 39996 | Vaults:2 | Found Libruisch's Weapon Emporium.
 40023 | Vaults:2 | Bought the +8 quarterstaff of Cheese {vorpal, Dex+2} for
                  | 915 gold pieces
 40238 | Vaults:2 | Reached skill level 15 in Fighting
 40475 | Vaults:1 | Received a gift from Okawaru
 40599 | Vaults:1 | Received a gift from Okawaru
 40599 | Vaults:1 | Paralysed by an ogre mage for 2 turns
 40639 | Vaults:1 | Found Kisozomo's Jewellery Emporium.
 40659 | Vaults:1 | Bought an amulet of reflection for 330 gold pieces
 40671 | Vaults:1 | Received a gift from Okawaru
 40694 | Vaults:1 | Got an ichor-stained hat {god gift}
 40705 | Vaults:1 | Identified the +0 hat of Protective Custody {Stlth+}
                  | (Okawaru gifted it to you on level 1 of the Vaults)
 40835 | Vaults:1 | Reached XP level 21. HP: 135/135 MP: 29/29
 41116 | Vaults:1 | Paralysed by an ogre mage for 2 turns
 42019 | Vaults:3 | Reached skill level 15 in Armour
 42303 | Vaults:3 | Noticed Boris
 42323 | Vaults:3 | Killed Boris
 42615 | Vaults:3 | Received a gift from Okawaru
 42842 | Vaults:3 | Found Ygronk's Magic Scroll Shop.
 42845 | Vaults:3 | Bought a scroll of enchant weapon for 150 gold pieces
 42845 | Vaults:3 | Bought 2 scrolls of enchant armour for 300 gold pieces
 42845 | Vaults:3 | Bought a scroll of enchant armour for 150 gold pieces
 42845 | Vaults:3 | Bought a scroll of identify for 40 gold pieces
 42845 | Vaults:3 | Bought a scroll of enchant armour for 150 gold pieces
 42845 | Vaults:3 | Bought a scroll of teleportation for 60 gold pieces
 42845 | Vaults:3 | Bought a scroll of enchant weapon for 150 gold pieces
 42845 | Vaults:3 | Bought a scroll of teleportation for 60 gold pieces
 42901 | Vaults:3 | Received a gift from Okawaru
 43203 | Vaults:4 | Noticed Bai Suzhen
 43232 | Vaults:4 | Killed Bai Suzhen
 43703 | Vaults:4 | Reached skill level 15 in Dodging
 43748 | Vaults:4 | Reached XP level 22. HP: 135/145 MP: 31/31
 44098 | Vaults:4 | Received a gift from Okawaru
 44127 | Vaults:4 | Got a transparent chain mail {god gift}
 44445 | Vaults:4 | Identified the +2 chain mail "Jocue" {rF+ rCorr Int+7
                  | Stlth-} (Okawaru gifted it to you on level 4 of the Vaults)
 44835 | Vaults:4 | Found Kaback's Magic Scroll Emporium.
 44865 | Vaults:4 | Bought a scroll of teleportation for 57 gold pieces
 44865 | Vaults:4 | Bought a scroll of enchant weapon for 142 gold pieces
 44865 | Vaults:4 | Bought a scroll of teleportation for 57 gold pieces
 44865 | Vaults:4 | Bought a scroll of identify for 38 gold pieces
 44865 | Vaults:4 | Bought a scroll of enchant armour for 142 gold pieces
 44865 | Vaults:4 | Bought a scroll of identify for 38 gold pieces
 44865 | Vaults:4 | Bought a scroll of brand weapon for 380 gold pieces
 45236 | Vaults:4 | Got an ancient chain mail
 45239 | Vaults:4 | Got a warped scale mail
 45240 | Vaults:4 | Identified the +10 chain mail of Reason {Harm} (You found
                  | it on level 4 of the Vaults)
 45241 | Vaults:4 | Identified the +2 scale mail of the First Moons {Int+4}
                  | (You found it on level 4 of the Vaults)
 45404 | Vaults:4 | Noticed Mennas
 45452 | Vaults:4 | Killed Mennas
 46088 | Depths:1 | Entered Level 1 of the Depths
 46095 | Depths:1 | Found a transporter.
 46325 | Depths:1 | Received a gift from Okawaru
 46361 | Depths:1 | Found a gateway to Hell.
 46500 | Depths:1 | Noticed Boris
 46509 | Depths:1 | Killed Boris
 46509 | Depths:1 | Received a gift from Okawaru
 47204 | Depths:1 | Noticed a juggernaut
 47390 | Depths:1 | Found a transporter.
 47397 | Depths:1 | Found a runed translucent door.
 47397 | Depths:1 | Found a bloodstained altar of Trog.
 47398 | Depths:1 | Found the +8 Wrath of Trog {antimagic, *Rage}
 47430 | Depths:1 | Slain by a juggernaut

Illustrated notes

Levels and vault maps discovered:
D:1:      dpeg_arrival_rhombus, layout_rooms
D:2:      layout_loops_ring, dancing_weapons_uskayaw, chequers_garden
D:3:      layout_loops_corners, hangedman_decor_peaks_small, uniq_sigmund
D:4:      layout_basic, lemuel_coloured_pillars_altar
D:5:      layout_basic, lemuel_crystal_altar, kennysheep_mini_moat,
          minmay_temple_entry_slanted, basic_altar, uniq_edmund, uniq_pikel
D:6:      layout_basic, lemuel_crystal_altar, led_sif_pool,
          hangedman_decor_diamond_cutter
D:7:      minmay_the_grid_octo_triangle [minmay_the_grid_octo_empty,
          minmay_the_grid_octo_prize_single_spiral,
          minmay_the_grid_octo_odd_swirl], layout_cave_pools,
          nicolae_overflow_crystal_walls, serial_shops,
          nicolae_shop_behind_doors, columned_hall_lemuel, uniq_menkaure
D:8:      wander_river, layout_gridville, lemuel_doored_altar,
          kiku_gazebo_pond_becter, gammafunk_temple_overflow_arena, uniq_joseph,
          uniq_grum
D:9:      minmay_statue_hallways, layout_basic, kennysheep_little_box,
          kennysheep_mini, lemuel_crystal_altar, basic_altar,
          chequers_serial_rivers_micro_e, minmay_guarded_unrand_staff_of_olgreb
D:10:     layout_long_grid, dpeg_oklobed_lair, serial_ice, serial_ice_g,
          serial_ice_i, serial_ice_a, serial_ice_f, uniq_nergalle
D:11:     layout_roguey, serial_shops, nicolae_shop_statue_plus,
          doesnt_xom_only_xom
D:12:     layout_cave_pools, david_orc_3, basic_altar, gauntlet_entry_generic
D:13:     layout_cross
D:14:     layout_layer_cave, ximxim_vaults_locker_room, minivault_11,
          uniq_frances
D:15:     hangedman_depths_entry_try_elsewhere_first, layout_cave_pools,
          serial_ice, serial_ice_e, serial_ice_c, serial_ice_n, serial_ice_k,
          serial_ice_h, serial_ice_b, serial_ice_d, serial_ice_m, serial_ice_g,
          serial_ice_o, hangedman_ru_absence, minivault_5, uniq_kirke
Temple:   nicolae_temple_figure_zero
Lair:1:   beast_lair_carwin_large_1, layout_regular_city, serial_bayou_shore_a
Lair:2:   dpeg_oklob_shooting_range, layout_cave_pods, grunt_megastairs_2,
          infiniplex_staircase_pool_2
Lair:3:   layout_layer_cave, minmay_snake_entry_six_corridors,
          minmay_lair_oklob_chamber, lemuel_fruit_fields, grunt_megastairs_5,
          infiniplex_staircase_pool, uniq_gastronok
Lair:4:   gammafunk_mikee_crab_dinner, layout_gridlike,
          minmay_shoals_entry_lonely_mermaid
Lair:5:   layout_long_grid, fungi_pond_lemuel, minmay_lair_drake_nest,
          lemuel_fruit_fields
Lair:6:   hangedman_lair_caniforms_friends, layout_loops_ring,
          minmay_slime_entry_oklob_enclosed, grunt_megastairs_4,
          serial_bayou_shore_b
Shoals:1: layout_shoals, nicolae_shoals_flooded_hall
Shoals:2: layout_shoals, minmay_shop_mayhem, uniq_louise, uniq_polyphemus,
          uniq_ilsuiw
Shoals:3: layout_shoals, portal_ice_cave_entry_pillars_2, uniq_mara
Shoals:4: shoals_end_simple, layout_shoals, nicolae_shoals_kraken_party
Snake:1:  layout_chambers, basic_altar, hangedman_snake_sidewinding
Snake:2:  layout_chambers, serial_shops, nicolae_shop_crystal, minmay_shoptagon,
          grunt_megastairs_1, serial_bayou_shore_b, uniq_vashnia
Snake:3:  layout_honeycomb, uniq_jorgrun
Snake:4:  grunt_snake_rune_serpentine_throne, layout_basic, serial_bayou_shore_b
Orc:1:    layout_caves
Orc:2:    grunt_orc_gardens, layout_caves, grunt_orc_garden, grunt_orc_garden,
          grunt_orc_garden, grunt_orc_garden, serial_shops, shop
Vaults:1: dpeg_vaults_monster_row, vaults_room_fours, grunt_vaults_twisty,
          vaults_room_stairs_pillars, layout_vaults_quadrants, serial_shops,
          nicolae_shop_crystal
Vaults:2: minmay_crypt_entry_simple_corners, hangedman_vaults_snaps,
          hangedman_vaults_pinch, nicolae_vaults_windows_and_doors_thing,
          nicolae_vaults_diagonal_hallway_7, v_misc_11,
          vaults_standard_mumra_lines, hangedman_vaults_maws,
          ontoclasm_vaults_bender, layout_vaults_omnibox, serial_shops,
          nicolae_shop_trees, uniq_boris
Vaults:3: nicolae_vaults_diagonal_hallway_7, v_alt_pattern_6,
          vaults_room_large_hall, grunt_vaults_funnel,
          vaults_mumra_minichess_inversion, nicolae_vaults_angled_halls,
          v_misc_12, vaults_mumra_chevron, vaults_room_hallway,
          vaults_mumra_chevron_long, v_alt_pattern_6, vaults_room_hallway,
          st_more_cells, layout_vaults_maze, serial_shops,
          nicolae_shop_window_shopping
Vaults:4: v_misc_13, v_misc_1, hangedman_vaults_corner, ontoclasm_vaults_hangar,
          vaults_room_door_hall, nicolae_vaults_little_squares_4,
          ontoclasm_vaults_ring_small, vaults_room_hangedman_quadrants,
          v_misc_32, hangedman_vaults_trim, nicolae_vaults_network_quincunx
          [nicolae_vaults_network_quincunx_subvault,
          nicolae_vaults_network_quincunx_subvault,
          nicolae_vaults_network_quincunx_subvault,
          nicolae_vaults_network_quincunx_subvault,
          nicolae_vaults_network_quincunx_subvault], vaults_room_ringed_pool,
          vaults_room_pool, layout_vaults_big_cross, serial_shops,
          nicolae_shop_window_shopping, uniq_bai_suzhen, uniq_mennas
Depths:1: emtedronai_trogs_sanctum, layout_basic, pf_vacation_house_of_asmodeus,
          minmay_microvault

Skill      XL: |  1  2  3  4  5  6  7  8  9 10 11 12 13 14 15 16 17 18 19 20 21 22 |
---------------+-------------------------------------------------------------------+-----
Staves         | 4 6 7 10 11 13 14 | 14.0
Invocations    | 2 4 6 8 9 10 12 13 | 13.0
Bows           | 2 6 12 16 19 20 | 20.0
Fighting       | 5 8 11 13 14 15 17 18 | 18.8
Armour         | 3 5 7 9 11 14 15 16 | 16.5
Dodging        | 3 5 6 7 9 11 14 15 | 15.6
Throwing       | |  1.7

Action                   |  1- 3 |  4- 6 |  7- 9 | 10-12 | 13-15 | 16-18 | 19-21 | 22-24 || total
-------------------------+-------+-------+-------+-------+-------+-------+-------+-------++-------
Melee: Quarterstaff      |   125 |   119 |   277 |   795 |    74 |       |       |       ||  1390
       Lajatang          |       |       |       |       |  1250 |  1188 |  1494 |   424 ||  4356
       Unarmed           |       |       |       |       |       |    16 |       |       ||    16
 Fire: Shortbow          |       |       |       |     7 |       |       |       |       ||     7
       Longbow           |       |       |       |       |     8 |   447 |   716 |   279 ||  1450
Throw: Throwing net      |       |       |     4 |       |       |       |       |       ||     4
Invok: Heroism           |       |       |     2 |     7 |     4 |     6 |     6 |     1 ||    26
       Finesse           |       |       |       |     1 |     3 |     5 |     5 |     1 ||    15
 Abil: Fly               |       |       |       |       |     1 |       |       |       ||     1
Evoke: Wand              |       |       |       |    13 |       |     2 |       |       ||    15
  Use: Scroll            |     3 |     8 |     6 |     6 |    13 |    20 |    23 |     6 ||    85
       Potion            |       |       |       |       |     2 |     3 |       |     1 ||     6
 Stab: Distracted        |       |       |     2 |     4 |       |       |       |       ||     6
       Held in net/web   |       |       |     1 |       |       |       |       |       ||     1
Armor: Leather armour    |    28 |       |       |       |       |       |       |       ||    28
       Chain mail        |    29 |    82 |    57 |       |       |       |       |       ||   168
       Ring mail         |    13 |       |    69 |    84 |       |       |       |       ||   166
       Plate armour      |       |       |       |   121 |   323 |       |       |       ||   444
       Crystal plate arm |       |       |       |       |   531 |   769 |  1459 |   261 ||  3020
Dodge: Dodged            |   102 |    51 |   130 |   499 |  1035 |  1015 |  1354 |   317 ||  4503
       Repelled          |       |       |       |     2 |    14 |    63 |     4 |       ||    83
Block: Other             |       |       |       |       |       |       |   107 |    81 ||   188
       Reflection        |       |       |       |       |       |       |     2 |     6 ||     8

Table legend: (Time is in decaauts)
 A = Elapsed time spent in this place.
 B = Non-inter-level travel time spent in this place.
 C = Inter-level travel time spent in this place.
 D = Time resting spent in this place.
 E = Time spent auto-exploring this place.
 F = Levels seen in this place.
 G = Mean time per level.
                   A        B        C        D        E       F      G
               +--------+--------+--------+--------+--------+-----+--------+
         Total |  44376 |  41502 |   2874 |   8072 |  23507 |  39 | 1137.8 |
       Dungeon |  13728 |  12610 |   1118 |   2133 |   7487 |  15 |  915.2 |
        Temple |    146 |    114 |     32 |      0 |    113 |   1 |  146.0 |
          Lair |   9465 |   8459 |   1006 |   2371 |   4611 |   6 | 1577.5 |
        Shoals |   4786 |   4608 |    178 |   1002 |   2485 |   4 | 1196.5 |
     Snake Pit |   6035 |   5832 |    203 |    672 |   3707 |   4 | 1508.8 |
  Orcish Mines |   1651 |   1586 |     65 |    312 |    849 |   2 |  825.5 |
        Vaults |   6591 |   6322 |    269 |   1235 |   3301 |   4 | 1647.8 |
        Depths |   1046 |   1046 |      0 |    108 |    647 |   1 | 1046.0 |
      Ice Cave |    560 |    560 |      0 |    231 |    114 |   1 |  560.0 |
      Gauntlet |    364 |    364 |      0 |      7 |    190 |   1 |  364.0 |
               +--------+--------+--------+--------+--------+-----+--------+

Top non-repeatable levels by time:
Vaults:4: 2353 daAuts
  Lair:4: 2145 daAuts
  Lair:3: 1804 daAuts
 Snake:1: 1734 daAuts
     D:9: 1719 daAuts
Vaults:2: 1713 daAuts
  Lair:6: 1638 daAuts
  Lair:2: 1597 daAuts
 Snake:4: 1584 daAuts
Shoals:4: 1554 daAuts
 Snake:2: 1522 daAuts
    D:14: 1399 daAuts
Vaults:1: 1366 daAuts
Shoals:3: 1227 daAuts
  Lair:5: 1215 daAuts
